 Dungeon Crawl Stone Soup version 0.18-a0-1426-g3b9a63c (webtiles) character file.

315 GrosslyIncandescent the Insei (level 6, -7/47 HPs)
             Began as a Mummy Monk on Feb 27, 2016.
             Mangled by an orc
             ... wielding a +0 flail
              (9 damage)
             ... on level 4 of the Dungeon.
             The game lasted 00:05:53 (6177 turns).

GrosslyIncandescent the Insei (Mummy Monk)          Turns: 6177, Time: 00:05:54

Health: -7/47      AC:  2    Str: 14    XL:     6   Next: 20%
Magic:  15/15      EV: 13    Int: 10    God:
Gold:   143        SH:  2    Dex: 16    Spells: 0 memorised, 5 levels left

rFire  x . .     SeeInvis .       - Unarmed
rCold  + . .     Gourm    .     (no armour)
rNeg   + + +     Faith    .     (no shield)
rPois  ∞         Spirit   .     (no helmet)
rElec  .         Dismiss  .     g - +0 cloak
rCorr  .         Reflect  +     d - +0 pair of gloves
SustAt .         Harm     .     (no boots)
MR     .....                    a - +2 amulet of reflection (curse)
Stlth  ++........               (no ring)
                                f - ring of magical power

@: not resistant to hostile enchantments, unstealthy
A: no food or potions, fire vulnerability, cold resistance 1, negative energy
resistance 3, torment resistance, unbreathing
a: no special abilities


You were on level 4 of the Dungeon.
You were not hungry.

You visited 1 branch of the dungeon, and saw 4 of its levels.

You collected 143 gold pieces.


Innate Abilities, Weirdness & Mutations

You do not eat or drink.
Your flesh is vulnerable to fire.
You are immune to poison.
Your flesh is cold resistant.
You are immune to negative energy.
You are immune to unholy pain and torment.
You can survive without breathing.


   Skills:
 + Level 3.4 Fighting
 - Level 2.4 Dodging
 - Level 1.5 Stealth
 - Level 6.1 Unarmed Combat


You had 5 spell levels left.
You didn't know any spells.

Inventory:

Missiles
 h - 8 curare-tipped needles {=f}
Armour
 d - a +0 pair of gloves (worn)
 g - a +0 cloak (worn)
Jewellery
 a - a cursed +2 amulet of reflection (around neck)
 f - a ring of magical power (left hand)
Wands
 k - a wand of lightning (3/15)
Scrolls
 b - a scroll of fog
 c - a scroll of identify {@r1}
 e - a scroll of random uselessness (quivered)
 i - 2 scrolls of recharging {unknown}
 j - 3 scrolls of magic mapping
 l - a scroll of blinking {unknown}

Dungeon Overview and Level Annotations

Branches:
Dungeon (4/15)
 Temple: D:4-7

Altars:
Gozag
Makhleb
Ru
Trog

Annotations:
D:3 Noname's ghost, weakling DrEE

......▒ ▒▒.▒
.......▒▒▒▒▒▒..▒
...............▒▒
......>.........▒
........▒▒▒▒...▒▒
........▒ ▒▒▒...▒
......▒)▒ ▒.....▒
.....▒▒.▒▒▒.▒...▒
..▒+▒ ▒.oM....▒▒▒
. ▒.▒ ▒▒▒▒▒.▒▒▒
▒.▒ ▒.▒ ▒▒▒.▒▒
▒.▒ ▒....▒▒▒▒▒▒.▒
▒!▒.........▒
▒....▒▒▒▒▒▒▒▒
▒▒..▒▒ ▒.▒▒▒▒..▒


You could see an orc.


Message History

The quokka is heavily wounded!
The quokka closely misses you!
You squash the quokka like an ant!
You annihilate the quokka!!!
You see here a quokka corpse!
You swing at nothing!
You swing at nothing!
You swing at nothing!
You swing at nothing!
You swing at nothing!
You closely miss the orc!
The orc hits you with a flail!!! * * * don't die
* * * You squash the orc like an ant!
The orc is moderately wounded!
You pulverise the orc!
The orc is heavily wounded!
The orc barely misses you!
You closely miss the orc!
The orc is heavily wounded!
The orc closely misses you!
You closely miss the orc!
The orc is heavily wounded!
The orc hits you with a flail! * * * don't die
* * * You closely miss the orc!
The orc is heavily wounded!
You barely miss the orc!
The orc is heavily wounded!
The orc hits you with a flail!!! rip

Action                   |  1- 3 |  4- 6 || total
-------------------------+-------+-------++-------
Melee: Unarmed           |   168 |   244 ||   412
  Use: Scroll            |       |     3 ||     3
 Stab: Sleeping          |     6 |     3 ||     9
       Distracted        |       |     1 ||     1

Vault maps used:
D:1:      dpeg_arrival_oval, hangedman_abyss_or_decor_lesser_grid
D:2:      grunt_temple_overflow_open, first_bread
D:3:      kennysheep_the_goblin_king
D:4:      nicolae_tso_besieged_by_evil

Notes
Turn   | Place    | Note
--------------------------------------------------------------
     0 | D:1      | GrosslyIncandescent the Mummy Monk began the quest for the Orb.
     0 | D:1      | Reached XP level 1. HP: 18/18 MP: 1/1
   445 | D:1      | Reached XP level 2. HP: 14/24 MP: 2/2
   804 | D:1      | Reached skill level 4 in Unarmed Combat
   918 | D:1      | Reached XP level 3. HP: 22/29 MP: 3/3
  1776 | D:2      | Found a sacrificial altar of Ru.
  1776 | D:2      | Found a burning altar of Makhleb.
  1778 | D:2      | Found an opulent altar of Gozag.
  1781 | D:2      | Found a bloodstained altar of Trog.
  2617 | D:2      | Reached XP level 4. HP: 35/35 MP: 4/4
  3158 | D:2      | Reached skill level 5 in Unarmed Combat
  4114 | D:3      | Reached XP level 5. HP: 11/41 MP: 5/5
  4959 | D:3      | Noticed Noname's ghost (weakling DrEE)
  6021 | D:4      | Reached skill level 6 in Unarmed Combat
  6021 | D:4      | Reached XP level 6. HP: 28/47 MP: 6/6
  6171 | D:4      | HP: 3/47 [orc/flail (8)]
  6177 | D:4      | Mangled by an orc

Vanquished Creatures
  A howler monkey (D:4)
  A crimson imp (D:4)
  2 orc wizards (D:3)
  5 adders
  An ooze (D:4)
  4 worms (D:2)
  4 dart slugs
  4 giant geckos
  7 orcs
  4 ball pythons
  2 giant cockroaches (D:1)
  14 goblins
  9 hobgoblins
  11 jackals
  4 quokkas
  9 bats
  A giant newt (D:1)
  A hobgoblin zombie (D:4)
  11 kobolds
  6 rats
101 creatures vanquished.

Vanquished Creatures (others)
  A goblin (D:3)
1 creature vanquished.

Grand Total: 102 creatures vanquished
